 Dungeon Crawl Stone Soup version 0.31-a0-187-gba352fbbf7 (webtiles) character file.

Game seed: 11335242616975129097

776 qw the Skirmisher (level 7, 0/40 HPs)
             Began as a Deep Elf Hunter on June 22, 2023.
             Slain by an orc
             ... wielding a +0 war axe
              (4 damage)
             ... on level 5 of the Dungeon.
             The game lasted 00:01:55 (4369 turns).

qw the Skirmisher (Deep Elf Hunter)                 Turns: 4369, Time: 00:01:55

Health: 0/40       AC:  8    Str: 10    XL:     7   Next: 54%
Magic:  9/9        EV: 12    Int: 14    God:
Gold:   280        SH:  0    Dex: 18    Spells: 6/6 levels left

rFire   . . .        Y - +2 shortbow
rCold   . . .        (shield currently unavailable)
rNeg    . . .        j - +0 ring mail
rPois   +            (no helmet)
rElec   .            (no cloak)
rCorr   .            h - +1 pair of gloves
SInv    +            q - +0 pair of boots
Will    .....        f - amulet of the acrobat
Stlth   +            a - ring of see invisible
HPRegen 0.26/turn    k - ring of poison resistance
MPRegen 0.11/turn

%: acrobat
@: no status effects
A: no striking features
a: no special abilities


You were on level 5 of the Dungeon.
You visited 1 branch of the dungeon, and saw 5 of its levels.

You collected 280 gold pieces.


   Skills:
 - Level 2.4 Fighting
 + Level 11.1 Ranged Weapons
 - Level 1.2 Armour
 - Level 3.8 Dodging
 - Level 1.2 Stealth


You had 6 spell levels left.
You didn't know any spells.
Your spell library was empty.

Inventory:

Hand Weapons
 Y - a +2 shortbow (weapon)
Armour
 h - a +1 pair of gloves (worn)
 j - a +0 ring mail (worn)
 q - a +0 pair of boots (worn)
Jewellery
 a - a ring of see invisible (left hand)
 b - a ring of ice
 f - an amulet of the acrobat (around neck)
 g - a ring of fire
 k - a ring of poison resistance (right hand)
 n - a ring of see invisible
 t - a ring of positive energy
Scrolls
 m - a scroll of identify
Potions
 c - a potion of cancellation
 d - a potion of haste
 e - 3 potions of curing
 i - a potion of enlightenment {unknown}
 r - a potion of might {unknown}
 s - a potion of ambrosia {unknown}

Dungeon Overview and Level Annotations

Branches:
Dungeon (5/15)
 Temple: D:4-7

Altars:
Dithmenos
Trog
Vehumet
The Shining One

Annotations:
D:4 2 runed translucent doors, exclusion: 4 gnoll sergeants


Message History

You kill the orc wizard!
The orc closely misses you.
The orc wizard casts a spell.
The orc wizard flickers and vanishes for a moment.
The orc hits you with a +0 war axe!
You shoot an arrow. The arrow hits the orc wizard!
The orc wizard is heavily wounded.
The orc misses you.
The orc wizard hits you but does no damage.
You shoot an arrow.
The arrow hits the orc wizard but does no damage.
The orc wizard is heavily wounded.
The orc hits you but does no damage.
The orc wizard hits you but does no damage.
You shoot an arrow. The arrow barely misses the orc wizard.
The orc barely misses you.
The orc wizard hits you with a +3 dagger.
You shoot an arrow. The arrow hits the orc wizard.
The orc wizard is almost dead.
You shoot an arrow.
The arrow closely misses the orc wizard.
The orc closely misses you.
The orc wizard gestures at you while chanting.
The puff of flame hits you!
You shoot an arrow.
The arrow completely misses the orc wizard.
The orc barely misses you. The orc wizard closely misses you.
You shoot an arrow. The arrow barely misses the orc wizard.
The orc closely misses you.
The orc wizard hits you with a +3 dagger.
You shoot an arrow.
The arrow closely misses the orc wizard.
The orc hits you with a +0 war axe.
The orc wizard hits you but does no damage.
You shoot an arrow.
The arrow closely misses the orc wizard.
The orc hits you with a +0 war axe. The orc wizard casts a spell at you.
The puff of flame misses you. The orc hits you with a +0 war axe.
You die...

...... .# ...... ..### ..
#....) ..... ... ......
....##.## ###.##
#)#.#....# #.##
#)#......# #.##
#.##++##o.......# #.##
#..#~~#@o.##....# #.##
#.##~~##..##....# ###.##
##.#~~~~#.###....###...#.
#..#~~~~#.# #....#.......
#..##~~##.# #.......#####
#...#~~#..####.##..## #
#...'##'.##.......## #
##......##...###### #
##.##..##%### #


You could see an orc wizard (invisible) and an orc.

Vanquished Creatures
  An ogre (D:5)
  A phantom (D:4)
  A gnoll sergeant (D:4)
  2 scorpions (D:5)
  A howler monkey (D:4)
  2 hounds
  An iguana (D:4)
  2 orc wizards (D:5)
  8 gnolls
  6 adders
  A shadow imp (D:5)
  An ufetubus (D:4)
  4 worms
  2 dart slugs (D:2)
  17 orcs
  6 endoplasms
  6 giant cockroaches
  11 goblins
  6 hobgoblins
  4 quokkas
  8 ball pythons
  5 bats
  3 frilled lizards
  7 kobolds
  5 rats
111 creatures vanquished.

Vanquished Creatures (others)
  A wizard (D:4)
1 creature vanquished.

Grand Total: 112 creatures vanquished

Notes
Turn   | Place    | Note
-------+----------+-------------------------------------------
     0 | D:1      | qw the Deep Elf Hunter began the quest for the Orb.
     0 | D:1      | Reached XP level 1. HP: 12/12 MP: 3/3
     0 | D:1      | 0 ||| qw: Version: 0.3-a-9-g12657ce
     0 | D:1      | 0 ||| qw: Game counter: 2199
     0 | D:1      | 0 ||| qw: Always use a shield: true
     0 | D:1      | 0 ||| qw: God list: Okawaru
     0 | D:1      | 0 ||| qw: Allow faded altars: false
     0 | D:1      | 0 ||| qw: Do Orc after D:15 true
     0 | D:1      | 0 ||| qw: Do second Lair branch before Depths: true
     0 | D:1      | 0 ||| qw: Lair rune preference: random
     0 | D:1      | 0 ||| qw: Plans: Normal
     0 | D:1      | 0 ||| PLANNING D:1-11
   229 | D:1      | Reached skill level 6 in Ranged Weapons
   229 | D:1      | Reached XP level 2. HP: 13/16 MP: 4/4
   728 | D:1      | Reached XP level 3. HP: 20/20 MP: 5/5
   781 | D:1      | 781 ||| READING scroll labelled HUMAG QOGYOTWU.
   782 | D:1      | 782 ||| READING scroll labelled DOAVUN XEUSOSS.
   783 | D:1      | 783 ||| DRINKING 2 fuming brown potions.
   784 | D:1      | 784 ||| DROPPING scroll of butterflies.
   940 | D:2      | 940 ||| FLEEEEING.
   941 | D:2      | 941 ||| FLEEEEING.
   950 | D:2      | Reached skill level 7 in Ranged Weapons
  1023 | D:2      | 1023 ||| UPGRADING to +0 pair of gloves.
  1028 | D:2      | 1028 ||| Stepping ~*~*~tactically~*~*~ (water).
  1092 | D:2      | 1092 ||| UPGRADING to +0 ring mail.
  1102 | D:2      | 1102 ||| DROPPING +0 leather armour.
  1109 | D:2      | Found a faded altar of an unknown god.
  1213 | D:2      | Reached XP level 4. HP: 25/25 MP: 6/6
  1383 | D:2      | 1383 ||| UPGRADING to amulet of the acrobat.
  1388 | D:2      | 1388 ||| UPGRADING to ring of see invisible.
  1389 | D:2      | 1389 ||| UPGRADING to ring of poison resistance.
  1390 | D:2      | 1390 ||| READING scroll labelled MEIJANT RUDDECH.
  1391 | D:2      | 1391 ||| READING scroll labelled ENA NEDUAGAAL.
  1392 | D:2      | 1392 ||| DRINKING 2 sedimented clear potions.
  1555 | D:3      | Reached skill level 8 in Ranged Weapons
  1584 | D:3      | Found a radiant altar of Vehumet.
  2116 | D:3      | 2116 ||| READING scroll labelled MOSHE SAITZE.
  2117 | D:3      | 2117 ||| READING 2 scrolls labelled TEIRRA DAOD.
  2118 | D:3      | 2118 ||| READING scroll labelled QUDONYECSI.
  2119 | D:3      | 2119 ||| READING scroll labelled HOMURI VEEKK.
  2122 | D:3      | 2122 ||| READING scroll labelled JOANAC VOPSACH.
  2223 | D:3      | 2223 ||| DRINKING 2 fuming emerald potions.
  2281 | D:4      | Reached XP level 5. HP: 29/29 MP: 7/7
  2413 | D:4      | Found a shadowy altar of Dithmenos.
  2439 | D:4      | Reached skill level 9 in Ranged Weapons
  2472 | D:4      | 2472 ||| Stepping ~*~*~tactically~*~*~ (outnumbered).
  2488 | D:4      | 2488 ||| FLEEEEING.
  2489 | D:4      | 2489 ||| FLEEEEING.
  2490 | D:4      | 2490 ||| FLEEEEING.
  2494 | D:4      | 2494 ||| Stepping ~*~*~tactically~*~*~ (outnumbered).
  2498 | D:4      | Reached XP level 6. HP: 19/36 MP: 8/8
  2498 | D:4      | 2498 ||| FLEEEEING.
  2507 | D:4      | HP: 9/36 [gnoll/+0 halberd[a gnoll sergeant] (7)]
  2670 | D:4      | Found a large runed translucent door.
  2695 | D:4      | Found a large runed translucent door.
  2703 | D:4      | 2703 ||| READING scroll of enchant armour.
  2703 | D:4      | 2703 ||| ENCHANTING +0 pair of gloves.
  3057 | D:4      | Found a glowing golden altar of the Shining One.
  3142 | D:4      | Reached skill level 10 in Ranged Weapons
  3539 | D:4      | Found a bloodstained altar of Trog.
  3543 | D:4      | Noticed a wizard
  3548 | D:4      | Killed a wizard
  3735 | D:4      | 3735 ||| UPGRADING to +0 pair of boots.
  3740 | D:4      | 3740 ||| READING scroll labelled DOTTIFU ZUDO.
  3802 | D:4      | 3802 ||| READING 2 scrolls labelled CEKLEE UKHAKYD.
  3803 | D:4      | 3803 ||| DRINKING 3 black potions.
  3804 | D:4      | 3804 ||| DRINKING 2 green potions.
  3805 | D:4      | 3805 ||| DROPPING 2 potions of invisibility.
  3806 | D:4      | 3806 ||| DROPPING potion of attraction.
  3807 | D:4      | 3807 ||| DROPPING scroll of summoning.
  3850 | D:5      | Entered Level 5 of the Dungeon
  3851 | D:5      | 3851 ||| PLANNING SEWER
  3987 | D:5      | Reached skill level 1 in Armour
  3987 | D:5      | Reached XP level 7. HP: 39/40 MP: 9/9
  4013 | D:5      | Reached skill level 3 in Dodging
  4179 | D:5      | 4179 ||| READING scroll of enchant weapon.
  4179 | D:5      | 4179 ||| ENCHANTING +1 shortbow.
  4349 | D:5      | 4349 ||| Stepping ~*~*~tactically~*~*~ (outnumbered).
  4358 | D:5      | Reached skill level 11 in Ranged Weapons
  4368 | D:5      | HP: 7/40 [orc/+0 war axe (5)]
  4369 | D:5      | Slain by an orc

Levels and vault maps discovered:
D:1:      dpeg_arrival_three_same_balls, layout_basic
D:2:      layout_rooms, shapermc_ecumenical_altar_hornbeckon
D:3:      layout_loops_ring, mainiacjoe_overflow_alcove_1
D:4:      layout_basic, lemuel_round_altar, mainiacjoe_overflow_six_doors_small,
          jmf_multi_god_temple2, trog_wizard, nicolae_dithmenos_the_darkroom,
          minmay_misc_feat_tiny, amethyst_killhole,
          minmay_fractal_squares_diagonal_5
D:5:      layout_rooms, gup_sewer_entry_bowl, chequers_avenue

Skill      XL: |  1  2  3  4  5  6  7 |
---------------+----------------------+-----
Ranged Weapons | 6 7 8 9 10 11 | 11.1
Fighting       | 2 |  2.4
Armour         | 1 |  1.2
Dodging        | 3 |  3.8
Stealth        | |  1.2

Action                     |  1- 3 |  4- 6 |  7- 9 || total
---------------------------+-------+-------+-------++-------
   Fire: Shortbow          |   117 |   198 |    62 ||   377
    Use: Scroll            |     2 |    10 |     1 ||    13
         Potion            |     1 |     4 |       ||     5
 Armour: Leather armour    |    22 |       |       ||    22
         Ring mail         |       |    25 |     8 ||    33
  Dodge: Dodged            |    27 |    56 |    16 ||    99

Table legend:
 A = Non-vault XP
 B = Vault XP
 C = Vault XP percentage of total XP
 D = Non-vault monster count
 E = Vault monster count
 F = Vault count percentage of total count
                 A         B        C        D         E       F
            +---------+---------+-------+---------+---------+-------
      Total |    1077 |      32 |   2.9 |     102 |       9 |   8.1
            +---------+---------+-------+---------+---------+-------
        D:1 |      45 |       0 |   0.0 |      19 |       0 |   0.0
        D:2 |      98 |       0 |   0.0 |      25 |       0 |   0.0
        D:3 |      52 |       0 |   0.0 |      17 |       0 |   0.0
        D:4 |     433 |      24 |   5.3 |      27 |       6 |  18.2
        D:5 |     449 |       8 |   1.8 |      14 |       3 |  17.6
            +---------+---------+-------+---------+---------+-------
